AoeStats
← ZamSerg

Nomad

507890495Analyzed
4v4 RM · 12d ago on Sep 20, 2026· 44m 33s· 8 players
Game mode
Random Map
Map size
231×231
Population
200
Speed
Normal
Resources
Standard
Victory
Conquest
Starting age
Dark Age
Ending age
Imperial Age
RankedLock teamsTeams togetherTeam positionsShared explorationLock speedFull tech treeHidden civsTurbo modeCheats
Victory
Defeat
🇷🇺 Persians · Russia
1229
+12
🇹🇼 Shu · Taiwan
1226
+13
🇳🇿 Aztecs · New Zealand
1183
+14
🇨🇳 Japanese · China
1161
+15
🇨🇱 Portuguese · Chile
1231
-16
🇺🇸 Italians · United States
1146
-14
🇨🇦 Franks · Canada
1116
-12
🇺🇸 Maya · United States
1100
-12
R
14:32 Feudal Age
19:19 Castle Age
17:18 Double-Bit Axe
18:04 Fletching
18:40 Horse Collar
19:20 Padded Archer Armor
19:22 Gold Mining
19:21 Crossbowman
20:45 Thumb Ring
21:34 Bodkin Arrow
28:35 Ballistics
28:43 Fishing Lines
30:00 Leather Archer Armor
30:24 Wheelbarrow
30:58 Gillnets
33:06 Loom
38:25 Imperial Age
36:48 Murder Holes
38:58 Arbalester
39:43 Bracer
40:06 Conscription
39:51 Bolt Magazine
41:30 Onager
rukas
12:56 Feudal Age
17:54 Castle Age
16:07 Horse Collar
17:11 Scale Mail Armor
18:05 Forging
18:43 Eagle Warrior
21:43 Chain Mail Armor
23:50 Redemption
24:24 Fervor
25:31 Gold Mining
26:13 Sanctity
26:55 Iron Casting
27:43 Gold Shaft Mining
27:00 Stone Mining
29:04 Arson
33:48 Horse Collar
34:54 Heavy Plow
35:43 Double-Bit Axe
36:40 Wheelbarrow
37:28 Loom
37:58 Hand Cart
41:00 Imperial Age
39:43 Squires
41:44 Town Watch
41:49 Elite Eagle Warrior
42:59 Garland Wars
43:46 Plate Mail Armor
44:17 Blast Furnace
42:55 Onager
潘森
6:40 Loom
14:07 Feudal Age
15:38 Town Watch
15:50 Fishing Lines
18:31 Castle Age
16:25 Fishing Lines
16:49 Double-Bit Axe
19:09 Gillnets
19:35 Bow Saw
20:33 Wheelbarrow
19:59 Stone Mining
21:07 Gold Mining
23:30 Hand Cart
24:31 Medium Warships
29:06 Gold Shaft Mining
30:32 Ballistics
30:06 Fletching
33:14 Imperial Age
30:30 Treadmill Crane
30:46 Murder Holes
31:02 Fortified Wall
30:53 Bodkin Arrow
33:22 Scale Mail Armor
33:27 Squires
33:12 Arson
36:20 Chemistry
36:31 Bracer
37:03 Conscription
37:31 Guard Tower
37:27 Arrowslits
37:48 Yasama
38:29 Arrowslits
41:37 Masonry
43:45 Keep
43:31 Chain Mail Armor
44:12 Town Patrol
ZamSerg
6:08 Loom
13:31 Feudal Age
14:01 Double-Bit Axe
17:25 Wheelbarrow
17:34 Fishing Lines
20:56 Castle Age
20:46 Gold Mining
22:09 Husbandry
22:19 Bloodlines
24:49 Horse Collar
28:38 Gold Shaft Mining
31:16 Bloodlines
31:01 Gillnets
31:48 Scale Barding Armor
31:54 Forging
34:12 Stone Mining
34:23 Town Watch
34:55 Hand Cart
35:58 Heavy Plow
39:37 Imperial Age
38:40 Stone Shaft Mining
39:26 Chain Barding Armor
39:16 Forging
38:57 Fletching
39:19 Cavalier
41:11 Conscription
41:59 Plate Barding Armor
42:00 Iron Casting
40:49 Savar
42:06 Bodkin Arrow
42:41 Citadels
45:37 Blast Furnace
DoomedOyster
7:43 Loom
15:46 Feudal Age
16:15 Double-Bit Axe
16:16 Fishing Lines
21:43 Castle Age
40:59 Crossbowman
43:35 Wheelbarrow
43:14 Bow Saw
42:46 Horse Collar
43:33 Thumb Ring
44:13 Fletching
Bambam
5:13 Loom
15:39 Feudal Age
26:46 Castle Age
25:21 Wheelbarrow
26:20 Scale Barding Armor
26:25 Forging
29:28 Husbandry
32:49 Double-Bit Axe
33:51 Chain Barding Armor
34:07 Iron Casting
MoonlightS96
6:53 Loom
14:02 Feudal Age
14:46 Double-Bit Axe
17:29 Town Watch
17:56 Horse Collar
18:44 Fishing Lines
22:31 Castle Age
26:13 Bow Saw
34:52 Stone Mining
37:09 Stone Shaft Mining
37:18 Treadmill Crane
37:48 Masonry
37:35 Murder Holes
38:04 Fortified Wall
RoroAPC
5:18 Loom
13:11 Feudal Age
17:51 Castle Age
16:24 Double-Bit Axe
17:52 Fishing Lines
18:49 Gillnets
19:50 Bow Saw
23:53 Wheelbarrow
25:56 Hand Cart
26:28 Town Watch
28:43 Fletching
31:40 Imperial Age
29:51 Scale Mail Armor
29:46 Bodkin Arrow
31:53 Medium Warships
32:50 Conscription
31:51 Elite Organ Gun
36:52 Chemistry
36:08 Bracer
37:47 Ballistics
41:53 Chain Mail Armor
42:12 Stone Mining
42:12 Gold Mining
43:37 Bloodlines
43:27 Husbandry
43:20 Cavalier
44:07 Scale Barding Armor
44:12 Forging
Connection lost

Rejoining the realm…

Still unreachable

The connection could not be restored.

Session expired

The server has moved on; the page needs a fresh start.